 Dungeon Sprint DCSS version 0.21-a0-278-ga722497 (webtiles) character file.

16664 potatolord6000 the Severer (level 12, -5/123 HPs)
             Began as a Hill Orc Fighter on Sept 22, 2017.
             Was the Champion of Beogh.
             Slain by a six-headed hydra simulacrum (12 damage)
             ... in the Dungeon (Sprint VII: "The Pits").
             The game lasted 00:10:23 (2448 turns).

potatolord6000 the Severer (Hill Orc Fighter)       Turns: 2448, Time: 00:10:26

Health: -5/123     AC: 26    Str: 29    XL:     12   Next: 39%
Magic:  13/24      EV: 11    Int:  8    God:    Beogh [******]
Gold:   58         SH: 14    Dex: 10    Spells: 11/11 levels left

rFire    + . .     SeeInvis .   r - +3 broad axe (freeze)
rCold    + . .     Gourm    .   c - +0 shield
rNeg     . . .     Faith    .   w - +3 plate armour
rPois    +         Spirit   .   (no helmet)
rElec    +         Reflect  .   (no cloak)
rCorr    +         Harm     .   u - +0 pair of gloves
MR       .....     NoTele   +   v - +0 pair of boots
Stlth    ..........             (no amulet)
HPRegen  0.30/turn              b - +3 ring of evasion
MPRegen  0.19/turn              d - +3 ring of protection

@: mighty, resistant, studying Necromancy
A: walk on water
a: Smiting, Recall Orcish Followers, Give Item to Named Follower, Resurrection,
Renounce Religion


You were in the Dungeon.
You worshipped Beogh.
Beogh was exalted by your worship.
You were full.

You visited 1 branch You collected 58 gold pieces.

Inventory:

Hand Weapons
 r - a +3 broad axe of freezing (weapon)
Armour
 c - a +0 shield (worn)
 u - a +0 pair of gloves (worn)
 v - a +0 pair of boots (worn)
 w - a +3 plate armour (worn)
Jewellery
 b - a +3 ring of evasion (left hand)
 d - a +3 ring of protection (right hand)
Scrolls
 k - 2 scrolls of blinking
 m - 5 scrolls of remove curse
 n - 5 scrolls of amnesia
 o - a scroll of summoning
 s - 3 scrolls of fear
 t - 4 scrolls of identify
 A - a scroll of recharging
Potions
 a - 2 potions of lignification {unknown}
 e - 11 potions of curing
 g - 9 potions of heal wounds
 h - a potion of resistance
 i - 3 potions of magic
 j - 4 potions of berserk rage
 l - a potion of invisibility
Books
 x - a manual of Necromancy
Comestibles
 f - 8 bread rations
 p - 40 fruits
 q - 5 meat rations


   Skills:
 + Level 16.3 Fighting
 + Level 17.4 Axes
 + Level 15.2 Armour
 + Level 15.2 Shields
 + Level 17.1 Invocations


You had 11 spell levels left.
You didn't know any spells.

Dungeon Overview and Level Annotations

Branches:
Dungeon (1/1)

Altars:
Ashenzari
Cheibriados
Dithmenos
Elyvilon
Fedhas
Gozag
Hepliaklqana
Kikubaaqudgha
Makhleb
Nemelex Xobeh
Okawaru
Qazlal
Ru
Sif Muna
Trog
Uskayaw
Vehumet
Wu Jian
Xom
Yredelemnul
Zin
The Shining One
Beogh
Jiyva
Lugonu

Annotations:
D Urug


Message History

Unknown command.
You chop one of the seven-headed hydra simulacrum's heads off!
You slice the six-headed hydra simulacrum!!
The six-headed hydra simulacrum is severely damaged.
The deep elf knight blocks your attack.
You slash the warg! You freeze the warg. You slash the orc knight!
You freeze the orc knight.
Oreg calls upon Beogh to heal Marbaugh.
Marbaugh is healed somewhat.
The orc knight hits you with an enchanted glaive!!
* * * LOW HITPOINT WARNING * * *
The orc knight simulacrum hits Marbaugh.
The orc knight simulacrum freezes Marbaugh!
The deep elf knight points at you and mumbles some strange words.
The shard of ice hits you! The warg bites you but does no damage.
You block the six-headed hydra simulacrum's attack. x2
The six-headed hydra simulacrum bites you.
* * * LOW HITPOINT WARNING * * *
The six-headed hydra simulacrum freezes you!
You resist.
You die...

++###############################
.....................))).........
...†............4Z...)).........(
..##############oo##############.
..# #..o@ho..# #) ..# #...ZeZ..#
#. ..# ####h.#### #. ..# )o). #.
..# ....). #. [.# ....... #. ..#
###..#### #. ).# #### #. ).# #.


You could see 2 orc knights, a deep elf knight, 2 wargs, a six-headed hydra
simulacrum, an orc knight simulacrum, a yaktaur captain simulacrum, the friendly
Marbaugh the orc knight, the friendly Oreg the orc high priest, a friendly
orange demon and a friendly orc warrior.

Vanquished Creatures
  An orc warlord (D)
  2 yaktaur captains (D)
  2 hydras (D)
  An alligator (D)
  A two-headed ogre (D)
  A fire crab (D)
  A deep troll (D)
  A necromancer (D)
  An orc knight (D)
  A deep elf mage (D)
  A black mamba (D)
  A rust devil (D)
  A merfolk siren (D)
  2 molten gargoyles (D)
  A gargoyle (D)
  A naga mage (D)
  2 smoke demons (D)
  An ice devil (D)
  A jumping spider (D)
  5 dream sheep (D)
  Sigmund (D)
  A spriggan (D)
  2 redbacks (D)
  A vampire (D)
  A fire bat (D)
  6 vampire mosquitoes (D)
  2 nagas (D)
  An acid dragon (D)
  A large abomination (D)
  A floating eye (D)
  A phantom (D)
  2 small abominations (D)
  A scorpion (D)
  A hound (D)
  A worker ant (D)
  A mummy (D)
  A gnoll (D)
  A river rat (D)
  An ufetubus (D)
  An ooze (D)
  An adder zombie (D)
  An orc (D)
  A goblin (D)
  A hobgoblin (D)
  A kobold (D)
  2 quokkas (D)
  A ball python (D)
  A bat (D)
  A bat simulacrum (D)
  4 frilled lizards (D)
  A leopard gecko zombie (D)
  A rat (D)
72 creatures vanquished.

Vanquished Creatures (collateral kills)
  A deep troll (D)
  3 orc knights (D)
  A cyclops (D)
  A merfolk siren (D)
  An orange demon (D)
  A spiny frog (D)
  A yaktaur (D)
  A hippogriff (D)
  2 dream sheep (D)
  A flying skull (D)
  A ynoxinul (D)
  A basilisk (D)
  A vampire mosquito (D)
  2 nagas (D)
  An ogre (D)
  A big kobold (D)
  A river rat (D)
  A white imp (D)
  An adder simulacrum (D)
  A bat (D)
  2 hobgoblins (D)
  A jackal skeleton (D)
27 creatures vanquished.

Vanquished Creatures (others)
  An orc warlord (D)
  Urug (D)
  3 orc knights (D)
  An orc wizard (D)
  4 orc priests (D)
  5 orcs (D)
15 creatures vanquished.

Grand Total: 114 creatures vanquished

Notes
Turn   | Place    | Note
-------+----------+-------------------------------------------
     0 | D        | potatolord6000 the Hill Orc Fighter began the quest for the Orb.
     0 | D        | Reached XP level 1. HP: 19/19 MP: 1/1
    23 | D        | Reached XP level 2. HP: 15/27 MP: 2/2
    51 | D        | Found a bloodstained altar of Trog.
    51 | D        | Found a deep blue altar of Sif Muna.
    51 | D        | Found a viscous altar of Jiyva.
    51 | D        | Found a hazy altar of Hepliaklqana.
    51 | D        | Found an opulent altar of Gozag.
    52 | D        | Found a glowing golden altar of the Shining One.
    52 | D        | Found a glowing silver altar of Zin.
    52 | D        | Found a basalt altar of Yredelemnul.
    52 | D        | Found a shimmering altar of Xom.
    52 | D        | Found an ornate altar of the Wu Jian Council.
    52 | D        | Found a sacrificial altar of Ru.
    52 | D        | Found a stormy altar of Qazlal.
    52 | D        | Found an iron altar of Okawaru.
    52 | D        | Found a sparkling altar of Nemelex Xobeh.
    52 | D        | Found a burning altar of Makhleb.
    52 | D        | Found a blossoming altar of Fedhas.
    52 | D        | Found a white marble altar of Elyvilon.
    52 | D        | Found a shadowy altar of Dithmenos.
    52 | D        | Found a snail-covered altar of Cheibriados.
    54 | D        | Found a radiant altar of Vehumet.
    54 | D        | Found a corrupted altar of Lugonu.
    54 | D        | Found a roughly hewn altar of Beogh.
    56 | D        | Found an ancient bone altar of Kikubaaqudgha.
    56 | D        | Found a hide-covered altar of Uskayaw.
    56 | D        | Found a shattered altar of Ashenzari.
    64 | D        | Became a worshipper of Beogh the Brigand
   168 | D        | Reached skill level 1 in Invocations
   243 | D        | Reached * piety under Beogh
   359 | D        | Reached ** piety under Beogh
   361 | D        | Reached skill level 5 in Fighting
   361 | D        | Reached skill level 5 in Axes
   361 | D        | Reached XP level 3. HP: 20/36 MP: 3/5
   715 | D        | Noticed a fire bat
   735 | D        | Killed a fire bat
   735 | D        | Reached skill level 5 in Invocations
   735 | D        | Reached XP level 4. HP: 29/47 MP: 5/8
   735 | D        | Reached XP level 5. HP: 32/52 MP: 5/9
   736 | D        | Reached *** piety under Beogh
   751 | D        | Reached **** piety under Beogh
   869 | D        | Noticed a smoke demon
   885 | D        | Killed a smoke demon
   885 | D        | Reached XP level 6. HP: 57/62 MP: 9/12
   885 | D        | Reached XP level 7. HP: 64/69 MP: 9/13
   891 | D        | Paralysed by a floating eye for 3 turns
   896 | D        | Reached ***** piety under Beogh
   902 | D        | Noticed a black mamba
   902 | D        | Noticed a two-headed ogre
   912 | D        | Killed a black mamba
   912 | D        | Reached skill level 10 in Fighting
   912 | D        | Reached skill level 10 in Axes
   912 | D        | Reached XP level 8. HP: 66/79 MP: 11/15
   917 | D        | Killed a two-headed ogre
   917 | D        | Reached skill level 10 in Armour
   917 | D        | Reached skill level 10 in Shields
   917 | D        | Reached skill level 10 in Invocations
  1134 | D        | Noticed Sigmund
  1137 | D        | Reached XP level 9. HP: 89/89 MP: 17/17
  1146 | D        | Reached ****** piety under Beogh
  1148 | D        | Killed Sigmund
  1148 | D        | Gained Oreg as an ally
  1162 | D        | Noticed an ice devil
  1162 | D        | Noticed a merfolk siren
  1173 | D        | Killed an ice devil
  1177 | D        | Killed a merfolk siren
  1191 | D        | Reached XP level 10. HP: 95/99 MP: 19/19
  1208 | D        | Noticed a deep troll
  1210 | D        | Noticed a molten gargoyle
  1211 | D        | Noticed a six-headed hydra
  1230 | D        | Killed a seven-headed hydra
  1235 | D        | Gained Marbaugh as an ally
  1242 | D        | Killed a deep troll
  1243 | D        | Noticed a molten gargoyle
  1244 | D        | Noticed a deep elf mage
  1247 | D        | Killed a molten gargoyle
  1256 | D        | Killed a deep elf mage
  1262 | D        | Killed a molten gargoyle
  1262 | D        | Reached XP level 11. HP: 24/108 MP: 10/21
  1578 | D        | Noticed a cyclops
  1581 | D        | Killed a cyclops
  1581 | D        | Reached skill level 15 in Axes
  1602 | D        | Noticed Urug
  1604 | D        | Noticed an alligator
  1609 | D        | Reached skill level 15 in Invocations
  1610 | D        | Your ally died
  1611 | D        | Killed an alligator
  1860 | D        | Noticed a deep troll
  1860 | D        | Noticed a fire crab
  1869 | D        | Killed a deep troll
  1870 | D        | Killed a fire crab
  1870 | D        | Reached skill level 15 in Fighting
  2419 | D        | Noticed a necromancer
  2419 | D        | Noticed an orc knight
  2419 | D        | Noticed an orc knight
  2419 | D        | Noticed an orc knight
  2419 | D        | Noticed an orc knight
  2419 | D        | Noticed an orc knight
  2420 | D        | Noticed an orc warlord
  2421 | D        | Noticed an orc knight
  2421 | D        | Noticed an orc warlord
  2423 | D        | Noticed an orc knight
  2423 | D        | Killed an orc warlord
  2423 | D        | Reached XP level 12. HP: 121/122 MP: 14/24
  2424 | D        | Noticed a yaktaur captain
  2427 | D        | Noticed a seven-headed hydra
  2436 | D        | Killed a yaktaur captain
  2436 | D        | Reached skill level 15 in Armour
  2439 | D        | Noticed a yaktaur captain
  2439 | D        | Reached skill level 15 in Shields
  2441 | D        | Killed a seven-headed hydra
  2442 | D        | Noticed a deep elf knight
  2446 | D        | Killed a yaktaur captain
  2448 | D        | Slain by a six-headed hydra simulacrum

Vault maps used:
D:        pitsprint

Skill      XL: |  1  2  3  4  5  6  7  8  9 10 11 12 |
---------------+-------------------------------------+-----
Fighting       | 4 5 7 8 10 11 12 13 15 16 | 16.3
Axes           | 3 5 7 9 10 11 13 14 16 17 | 17.4
Armour         | 4 6 8 9 10 11 13 14 15 | 15.2
Shields        | 4 6 7 9 10 11 12 14 15 | 15.2
Invocations    | 2 5 8 9 11 12 14 16 17 | 17.1

Action                   |  1- 3 |  4- 6 |  7- 9 | 10-12 || total
-------------------------+-------+-------+-------+-------++-------
Melee: War axe           |    60 |    28 |    21 |       ||   109
       Broad axe         |       |       |    25 |   118 ||   143
Invok: Smiting           |       |       |       |    22 ||    22
  Use: Potion            |       |     5 |     4 |     8 ||    17
       Scroll            |       |       |       |     2 ||     2
 Stab: Invisible         |       |       |     4 |       ||     4
  Eat: Meat ration       |       |       |     2 |       ||     2
Armor: Scale mail        |    34 |       |       |       ||    34
       Chain mail        |    12 |    25 |     9 |       ||    46
       Plate armour      |       |       |    34 |    95 ||   129
Dodge: Dodged            |    27 |     7 |    23 |    51 ||   108
Block: Shield            |    42 |    15 |    25 |   100 ||   182

Table legend:
 A = Spawn XP
 B = Non-spawn XP
 C = Spawn XP percentage of total XP
 D = Spawn monster count
 E = Non-spawn monster count
 F = Spawn count percentage of total count
 G = Total turns spent on level
                    A         B        C        D         E        F      G
               +---------+---------+-------+---------+---------+-------+---------
         Total |       0 |   23807 |   0.0 |       0 |      99 |   0.0 |  2448
               +---------+---------+-------+---------+---------+-------+---------
             D |       0 |   23807 |   0.0 |       0 |      99 |   0.0 |  2448
               +---------+---------+-------+---------+---------+-------+---------
